 Dungeon Crawl Stone Soup version 0.31-a0-691-g409c26aa35 (webtiles) character file.

Game seed: 7875041707029878329

439 demibob the Charlatan (level 6, -5/47 HPs)
             Began as a Demonspawn Chaos Knight on Sept 6, 2023.
             Was a Plaything of Xom.
             Slain by a gnoll
             ... wielding a +0 halberd
              (15 damage)
             ... on level 3 of the Dungeon.
             The game lasted 00:04:28 (2109 turns).

demibob the Charlatan (Demonspawn Chaos Knight)     Turns: 2109, Time: 00:04:28

Health: -5/47      AC:  5    Str: 14    XL:     6   Next: 70%
Magic:  6/6        EV: 11    Int: 13    God:    Xom [..*...]
Gold:   136        SH:  0    Dex: 13    Spells: 5/5 levels left

rFire   . . .        b - staff of earth {!a}
rCold   . . .        (no shield)
rNeg    . . .        e - +2 leather armour
rPois   .            (no helmet)
rElec   .            (no cloak)
rCorr   .            (no gloves)
SInv    .            (no boots)
Will    .....        (no amulet)
Stlth   +            (no ring)
HPRegen 0.27/turn    (no ring)
MPRegen 0.10/turn

%: no passive effects
@: invisible
A: demonic touch 2
a: Renounce Religion


You were on level 3 of the Dungeon.
You worshipped Xom.
You were a toy of Xom.
You visited 1 branch of the dungeon, and saw 3 of its levels.

You collected 136 gold pieces.


Innate Abilities, Weirdness & Mutations

Your touch may inflict irresistible damage on your foes.


   Skills:
 - Level 3.0 Fighting
 - Level 3.3(3.8) Polearms
 + Level 2.7(3.5) Staves
 - Level 1.7 Armour
 - Level 0.8 Dodging
 + Level 3.4 Earth Magic
 + Level 3.8 Evocations


You had 5 spell levels left.
You didn't know any spells.
Your spell library contained the following spells:

 Spells                   Type           Power      Damage    Failure   Level
 Inner Flame              Hex/Fire       0%         N/A       75%         3
 Yara's Violent Unravell  Hex/Tmut       0%         3d3       100%        5
 Enfeeble                 Hex            0%         N/A       100%        7

Inventory:

Hand Weapons
 a - a +0 spear of chaos
Missiles
 j - a throwing net {=f}
Armour
 e - a +2 leather armour (worn)
 f - a +0 pair of gloves
 n - a +0 pair of boots
Magical Staves
 b - a staff of earth (weapon) {!a}
Scrolls
 c - a scroll of fog {unknown}
 d - 5 scrolls of teleportation {@r2}
Potions
 i - 3 potions of brilliance

Dungeon Overview and Level Annotations

Branches:
Dungeon (3/15)

Altars:

Shops:
D:3

[ #.##....#.........
#.##....#.........
######.##..(.# ........
#............# ........
###.####.###...# ........
........g# #...# #####..
##..####.# #...# #......
#..# #g# #...# #.###.# #..#
#@# #...# #.# #.#
#.<####.###...####.###.#
###.............†.........
#.#......................#
#.##.##########.#..#.##..#
#.##.# #####.............
#....# #...###.#.##.##.##
#.#######...###.#.##.##.##
###......##.....<...##.#....


You could see 2 gnolls.


Message History

The gnoll barely misses you.
You barely miss the gnoll.
You touch the gnoll!
You kill the gnoll!
The gnoll hits you from afar with a +0 halberd.
The gnoll hits you with a +0 halberd.
The gnoll hits you from afar with a +0 spear.
* * * LOW HITPOINT WARNING * * *
You see here a +0 club.
You are too injured to fight recklessly!
You are too injured to fight recklessly!
You barely miss the gnoll. The gnoll barely misses you.
The gnoll hits you from afar with a +0 spear!
* * * LOW HITPOINT WARNING * * *
You hit the gnoll.
You shatter the gnoll.
The gnoll is moderately wounded.
The gnoll closely misses you.
The gnoll hits you from afar with a +0 spear.
* * * LOW HITPOINT WARNING * * *
You fade into invisibility!
The gnoll barely misses you.
The gnoll hits you from afar with a +0 spear.
* * * LOW HITPOINT WARNING * * *
You hit the gnoll but do no damage.
You shatter the gnoll.
Your touch misses the gnoll.
The gnoll is moderately wounded.
The gnoll misses you.
You closely miss the gnoll. Your touch misses the gnoll.
The gnoll is moderately wounded.
The gnoll hits you with a +0 halberd!
You die...

Skill      XL: |  1  2  3  4 |
---------------+-------------+-----
Polearms       | 3 |  3.3
Evocations     | 1 2 3 |  3.8
Earth Magic    | 1 3 |  3.4
Staves         | 2 |  2.7
Fighting       | |  3.0
Armour         | |  1.7
Dodging        | |  0.8

Action                     |  1- 3 |  4- 6 || total
---------------------------+-------+-------++-------
  Melee: Spear             |    83 |    47 ||   130
         Touch             |     9 |    13 ||    22
         Punch             |     2 |       ||     2
         Staff             |       |    46 ||    46
    Use: Scroll            |     4 |     1 ||     5
         Potion            |       |     4 ||     4
   Stab: Paralysed         |     1 |       ||     1
         Invisible         |       |     4 ||     4
         Distracted        |       |     1 ||     1
 Armour: Leather armour    |    25 |    41 ||    66
  Dodge: Dodged            |    23 |    39 ||    62

Levels and vault maps discovered:
D:1:      lightli_arrival_chessboard, layout_loops_ring,
          minmay_misc_feat_enclosed, minmay_misc_feat_hallway
D:2:      layout_loops_corners, uniq_terence
D:3:      layout_basic, serial_shops, nicolae_shop_getting_attention,
          minmay_randomly_rotated_circles, uniq_natasha

Notes
Turn   | Place    | Note
-------+----------+-------------------------------------------
     0 | D:1      | demibob the Demonspawn Chaos Knight began the quest for the
                  | Orb.
     0 | D:1      | Reached XP level 1. HP: 18/18 MP: 1/1
    99 | D:1      | Reached skill level 3 in Polearms
   117 | D:1      | Gained mutation: Your touch may inflict minor irresistible
                  | damage on your foes. [demonic ancestry]
   117 | D:1      | Reached XP level 2. HP: 22/24 MP: 2/2
   201 | D:1      | XOM: divination: magic mapping
   249 | D:1      | XOM: cloud trail
   832 | D:2      | XOM: 8-stop teleportation journey
   865 | D:2      | XOM: noise
   967 | D:2      | XOM is BORED!
  1028 | D:2      | Reached skill level 1 in Evocations
  1029 | D:2      | Reached skill level 1 in Earth Magic
  1030 | D:2      | Gained mutation: Your touch may inflict irresistible damage
                  | on your foes. [demonic ancestry]
  1030 | D:2      | Reached XP level 3. HP: 26/29 MP: 3/3
  1522 | D:2      | XOM: silly message
  1535 | D:2      | Noticed Terence
  1539 | D:2      | Killed Terence
  1575 | D:3      | Found Plog's Armour Boutique.
  1610 | D:3      | Reached skill level 2 in Evocations
  1610 | D:3      | Reached XP level 4. HP: 35/35 MP: 4/4
  1736 | D:3      | XOM: silly message
  1769 | D:3      | a rat changed into a shapeshifter
  1769 | D:3      | Noticed a shapeshifter (shapeshifter)
  1769 | D:3      | a shapeshifter changed into a hornet
  1769 | D:3      | Noticed a hornet (shapeshifter)
  1774 | D:3      | XOM: potion effect (curing)
  1779 | D:3      | XOM: potion effect (haste)
  1780 | D:3      | Noticed Natasha
  1783 | D:3      | a hornet changed into a shapeshifter
  1783 | D:3      | Noticed a shapeshifter (shapeshifter)
  1784 | D:3      | a shapeshifter changed into a hornet
  1784 | D:3      | Noticed a hornet (shapeshifter)
  1795 | D:3      | Killed a hornet
  1795 | D:3      | XOM: divination: detect items
  1796 | D:3      | Reached skill level 2 in Staves
  1796 | D:3      | Reached skill level 3 in Earth Magic
  1796 | D:3      | Reached skill level 3 in Evocations
  1796 | D:3      | Reached XP level 5. HP: 41/41 MP: 5/5
  1796 | D:3      | Reached XP level 6. HP: 47/47 MP: 6/6
  1805 | D:3      | Killed Natasha
  1891 | D:3      | Noticed Natasha
  1895 | D:3      | Killed Natasha
  1925 | D:3      | Identified the +2 dagger "Ojeikak" {heavy, Dex+7}
  2036 | D:3      | XOM: divination: magic mapping
  2109 | D:3      | Slain by a gnoll

Vanquished Creatures
  A hornet (shapeshifter) (D:3)
  A scorpion (D:3)
  Natasha (twice) (D:3)
  Terence (D:2)
  A gnoll (D:3)
  3 adders (D:3)
  A worm (D:2)
  A dart slug (D:2)
  5 orcs (D:3)
  2 ball pythons
  5 bats
  5 endoplasms
  2 giant cockroaches
  3 goblins
  2 hobgoblins
  6 jackals
  4 quokkas
  4 frilled lizards
  4 kobolds
  5 rats
58 creatures vanquished.

Table legend: (Time is in decaauts)
 A = Elapsed time spent in this place.
 B = Non-inter-level travel time spent in this place.
 C = Inter-level travel time spent in this place.
 D = Time resting spent in this place.
 E = Time spent auto-exploring this place.
 F = Levels seen in this place.
 G = Mean time per level.
                   A        B        C        D        E       F      G
               +--------+--------+--------+--------+--------+-----+--------+
         Total |   2081 |   2053 |     28 |      0 |   1710 |   3 |  693.7 |
       Dungeon |   2081 |   2053 |     28 |      0 |   1710 |   3 |  693.7 |
               +--------+--------+--------+--------+--------+-----+--------+

Top non-repeatable levels by time:
     D:1: 825 daAuts
     D:2: 743 daAuts
     D:3: 512 daAuts

Table legend:
 A = Non-vault XP
 B = Vault XP
 C = Vault XP percentage of total XP
 D = Non-vault monster count
 E = Vault monster count
 F = Vault count percentage of total count
                 A         B        C        D         E       F
            +---------+---------+-------+---------+---------+-------
      Total |     466 |     162 |  25.8 |      50 |       8 |  13.8
            +---------+---------+-------+---------+---------+-------
        D:1 |      29 |       0 |   0.0 |      16 |       0 |   0.0
        D:2 |      27 |      36 |  57.1 |      14 |       1 |   6.7
        D:3 |     410 |     126 |  23.5 |      20 |       7 |  25.9
            +---------+---------+-------+---------+---------+-------
